 Dungeon Crawl Stone Soup version 0.29-a0-275-g389c0b56f3 (webtiles) character file.

Game seed: 10073204051339628327

421 spaghetti the Skirmisher (level 6, -4/82 HPs)
             Began as a Demonspawn Berserker on Mar 12, 2022.
             Was a Believer of Trog.
             Slain by a sky beast (6 damage)
             ... on level 5 of the Dungeon.
             The game lasted 00:05:46 (4836 turns).

spaghetti the Skirmisher (Demonspawn Berserker)     Turns: 4836, Time: 00:05:46

Health: -4/82      AC: -1    Str: 19    XL:     6   Next: 62%
Magic:  6/6        EV: 12    Int:  8    God:    Trog [**....]
Gold:   151        SH:  0    Dex: 13    Spells: 5/5 levels left

rFire   . . .      SeeInvis .   a - +0 hand axe {axe}
rCold   . . .      Faith    .   (no shield)
rNeg    . . .      Spirit   .   b - +0 animal skin
rPois   .          Reflect  .   n - +1 hat
rElec   .          Harm     .   j - +0 cloak
rCorr   .          Rampage  .   (no gloves)
Will    .....                   (no boots)
Stlth   ..........              (no amulet)
HPRegen 0.23/turn               (no ring)
MPRegen 0.20/turn               (no ring)

@: berserking, corroded, very quick
A: slimy green scales 1, magic regeneration
a: Renounce Religion, Berserk, Trog's Hand


You were on level 5 of the Dungeon.
You worshipped Trog.
Trog was pleased with you.
You visited 1 branch of the dungeon, and saw 5 of its levels.

You collected 151 gold pieces.


Innate Abilities, Weirdness & Mutations

You are partially covered in slimy green scales. (AC +2)
You regenerate magic rapidly.


   Skills:
 + Level 7.6 Fighting
 - Level 2.6 Axes
 - Level 1.7 Armour
 - Level 1.7 Dodging


You had 5 spell levels left.
You didn't know any spells.
Your spell library contained the following spells:

 Spells                   Type           Power      Damage    Failure   Level
 Magic Dart               Conj           0%         1d3       41%         1
 Call Imp                 Summ           0%         N/A       54%         2
 Mephitic Cloud           Conj/Pois/Air  0%         N/A       78%         3
 Hailstorm                Conj/Ice       0%         3d3       99%         4
 Ice Form                 Ice/Tmut       0%         N/A       99%         4
 Simulacrum               Ice/Necr       0%         N/A       100%        6

Inventory:

Hand Weapons
 a - a +0 hand axe (weapon) {axe}
 c - a +1 dagger of draining {short}
   (You took it off a kobold on level 4 of the Dungeon)
Missiles
 f - 133 stones (quivered) {throwing}
 h - 7 poisoned darts {throwing}
 o - 3 boomerangs {throwing}
Armour
 b - a +0 animal skin (worn)
 i - a +0 helmet
   (You found it on level 1 of the Dungeon)
 j - a +0 cloak (worn)
   (You found it on level 3 of the Dungeon)
 n - a +1 hat (worn)
   (You found it on level 4 of the Dungeon)
Wands
 m - a wand of flame (11)
   (You found it on level 4 of the Dungeon)
 q - a wand of mindburst (1)
   (You took it off Ijyb on level 4 of the Dungeon)
Scrolls
 l - 2 scrolls of vulnerability {!r!r}
 p - a scroll of blinking {!r}
 r - 2 scrolls of identify {@r1}
 s - a scroll of fog
Potions
 d - a potion of resistance
 e - a potion of magic
 g - 2 potions of invisibility
 k - 2 potions of degeneration {!q@e2}

Dungeon Overview and Level Annotations

Branches:
Dungeon (5/15)
 Temple: D:4-7

Altars:

Annotations:
D:4 3 runed translucent doors, Esekla's ghost, amateur OpDe

.. . #. .#
#.#####.
.####....:.
.........$
#.......w#
#.....)))###.#.
#......@Y......
#........###...
#........####..
#......<.......
#############.#


You could see a sky beast and a worm.


Message History

Key pressed, stopping explore.
Key pressed, stopping explore.
Found a stone staircase leading down.
There is a stone staircase leading down here.
There is a stone staircase leading down here.
Esekla's ghost turns its malevolent gaze towards you.
Could not explore, unopened runed door.
(D) Dungeon
Where to? (Enter - D:4, ? - help)
There is a stone staircase leading down here.
You climb downwards.
The orc shouts! x2
There is a stone staircase leading up here.
There are monsters nearby!
Unknown command.
Unknown command.
There are monsters nearby!
A sky beast comes into view.
A jelly comes into view.
You hit the orc wizard but do no damage.
You hit the orc but do no damage. You hit the orc.
The orc wizard hits you with a +0 dagger.
The orc hits you but does no damage. The orc barely misses you. 😕 HP[-3]
You take 3 damage, and now have 52/55 hp.
Unknown command.
A red film seems to cover your vision as you go berserk!
You feel yourself moving faster!
You feel mighty!
The orc wizard hits you but does no damage.
The sky beast hits you but does no damage.
The orc misses you. The orc barely misses you. 😕 HP[+26]
You now have 82 max hp (+27).
You regained 26 hp, and now have 78/82 hp.
You hit the orc wizard. You hit the orc but do no damage.
You closely miss the sky beast. You hit the orc.
The orc wizard closely misses you. The orc hits you but does no damage.
The sky beast flickers out of sight!
Deactivating autopickup; reactivate with Ctrl-A.
Something hits you. Something shocks you.
The orc hits you with a +0 hand axe. 😕 HP[-7]
You take 7 damage, and now have 71/82 hp.
You hit the orc wizard. You slash the orc!
You feel the power of Trog in you as your rage grows.
You kill the orc!
Trog accepts your kill.
You closely miss something. You slash the orc!
You kill the orc!
Trog accepts your kill.
A worm comes into view.
You slash the orc wizard!
You kill the orc wizard!
Trog accepts your kill.
Trog appreciates your killing of a magic user.
You barely miss something. Something hits you. Something shocks you. 😕 HP[-6]
You take 6 damage, and now have 65/82 hp.
You slash the jelly! The acid corrodes you!
Your hands burn!
You punch the jelly. You hit something.
A sky beast appears from thin air!
Reactivating autopickup.
The sky beast hits you. The sky beast shocks you. The jelly hits you.
The acid corrodes you!
You are splashed with acid! 😮 HP[-22]
You take 22 damage, and now have 43/82 hp.
MASSIVE DAMAGE!! (PAUSE)
You hit the jelly.
Your hands burn!
You hit the sky beast. The sky beast closely misses you. The jelly hits you.
* * * LOW HITPOINT WARNING * * *
The acid corrodes you!
You are splashed with acid!
* * * LOW HITPOINT WARNING * * *
😨 HP[-12]
You take 12 damage, and now have 31/82 hp.
You hit the jelly.
You kill the jelly!
Trog accepts your kill.
You slash the sky beast! The sky beast hits you.
* * * LOW HITPOINT WARNING * * *
The sky beast shocks you.
* * * LOW HITPOINT WARNING * * *
😨 HP[-9]
You take 9 damage, and now have 22/82 hp.
You completely miss the sky beast. You hit the sky beast but do no damage.
The sky beast hits you.
* * * LOW HITPOINT WARNING * * *
The sky beast shocks you.
* * * LOW HITPOINT WARNING * * *
😱 HP[-9]
You take 9 damage, and now have 13/82 hp.
You slash the sky beast! The sky beast hits you.
* * * LOW HITPOINT WARNING * * *
The sky beast shocks you.
* * * LOW HITPOINT WARNING * * *
😱 HP[-10]
You take 10 damage, and now have 3/82 hp.
You hit the sky beast but do no damage. The sky beast closely misses you.
You barely miss the sky beast. You hit the sky beast.
The sky beast closely misses you.
You barely miss the sky beast. The sky beast hits you.
* * * LOW HITPOINT WARNING * * *
The sky beast shocks you.
You die...

Skill      XL: |  1  2  3  4  5  6 |
---------------+-------------------+-----
Fighting       | 4 5 6 7 |  7.6
Axes           | |  2.6
Armour         | |  1.7
Dodging        | |  1.7

Action                   |  1- 3 |  4- 6 || total
-------------------------+-------+-------++-------
Melee: Hand axe          |   126 |   155 ||   281
       Punch             |     1 |     1 ||     2
Throw: Stone             |    21 |    46 ||    67
Invok: Berserk           |     1 |     7 ||     8
       Trog's Hand       |       |     2 ||     2
  Use: Scroll            |     5 |     7 ||    12
       Potion            |     1 |     1 ||     2
 Stab: Sleeping          |       |     2 ||     2
Armor: Animal skin       |    20 |    33 ||    53
Dodge: Dodged            |    72 |    93 ||   165

Levels and vault maps discovered:
D:1:      kb_arrival_jail, layout_loops_ring, dilly_ecumenical_altar_fadedgnrine
D:2:      layout_basic
D:3:      layout_basic, jmf_multi_god_temple2, roderic_nine_men_s_morris
D:4:      layout_loops_ring, ebering_ghost_rock_garden, kennysheep_potato,
          uniq_ijyb
D:5:      layout_loops_cross

Notes
Turn   | Place    | Note
-------+----------+-------------------------------------------
     0 | D:1      | spaghetti the Demonspawn Berserker began the quest for the
                  | Orb.
     0 | D:1      | Reached XP level 1. HP: 18/18 MP: 1/1
     0 | D:1      | magus.rc [v1.9.6]
     2 | D:1      | Noticed a minotaur
     2 | D:1      | Noticed a dwarf
     4 | D:1      | Noticed a vine stalker
     4 | D:1      | Noticed a gargoyle
     7 | D:1      | Noticed a vampire
     9 | D:1      | Noticed a felid
    11 | D:1      | Noticed a troll
    13 | D:1      | Noticed an ogre
    15 | D:1      | Noticed an elf
    15 | D:1      | Noticed a naga
    17 | D:1      | Noticed a draconian
    17 | D:1      | Noticed a merfolk
    19 | D:1      | Noticed a spriggan
    19 | D:1      | Noticed a formicid
    21 | D:1      | Noticed a human
    21 | D:1      | Noticed a ghoul
    23 | D:1      | Noticed an octopode
    23 | D:1      | Noticed a demigod
    25 | D:1      | Noticed a demonspawn
    27 | D:1      | Noticed a tengu
   111 | D:1      | Gained mutation: You regenerate magic rapidly. [demonic
                  | ancestry]
   111 | D:1      | Reached XP level 2. HP: 18/24 MP: 2/2
   593 | D:1      | Reached skill level 4 in Fighting
   622 | D:1      | Reached XP level 3. HP: 26/30 MP: 3/3
  1263 | D:1      | Found a faded altar of an unknown god.
  1424 | D:2      | HP: 6/31 [adder (4)]
  1490 | D:2      | HP: 11/46 [poisoned by a kobold]
  1493 | D:2      | HP: 5/31 [poisoned by a kobold]
  1827 | D:2      | Reached ** piety under Trog
  2140 | D:2      | Reached skill level 5 in Fighting
  2140 | D:2      | Reached XP level 4. HP: 38/39 MP: 4/4
  3325 | D:4      | Reached XP level 5. HP: 22/46 MP: 5/5
  3793 | D:4      | You pick up a book of Minor Magic {forbidden} and begin
                  | reading...
  3793 | D:4      | You add the spells Magic Dart, Call Imp and Mephitic Cloud
                  | to your library.
  3817 | D:4      | Noticed a phantom
  3821 | D:4      | Reached skill level 6 in Fighting
  3836 | D:4      | HP: 10/46 [gnoll/+0 whip (9)]
  3837 | D:4      | HP: 4/46 [gnoll/+0 whip (6)]
  3852 | D:4      | HP: 9/47 [phantom (6)]
  3854 | D:4      | Killed a phantom
  3855 | D:4      | Gained mutation: You are partially covered in slimy green
                  | scales. (AC +2) [demonic ancestry]
  3855 | D:4      | Reached XP level 6. HP: 10/53 MP: 6/6
  4056 | D:4      | Reached skill level 7 in Fighting
  4420 | D:4      | You pick up a book of the Tundra {forbidden} and begin
                  | reading...
  4420 | D:4      | You add the spells Hailstorm, Ice Form and Simulacrum to
                  | your library.
  4439 | D:4      | Noticed Ijyb
  4454 | D:4      | Killed Ijyb
  4588 | D:4      | Found a runed translucent gate.
  4588 | D:4      | Found a runed translucent gate.
  4588 | D:4      | Found a runed translucent gate.
  4596 | D:4      | Noticed Esekla's ghost (amateur OpDe)
  4818 | D:5      | Entered Level 5 of the Dungeon
  4820 | D:5      | Noticed a sky beast
  4831 | D:5      | HP: 19/82 [sky beast (3)]
  4832 | D:5      | HP: 9/82 [sky beast (5)]
  4832 | D:5      | HP: 3/82 [sky beast (6)]
  4836 | D:5      | Slain by a sky beast

Vanquished Creatures
  A phantom (D:4)
  A scorpion (D:4)
  A hound (D:4)
  A jelly (D:5)
  An orc wizard (D:5)
  Ijyb (D:4)
  5 adders
  5 gnolls
  2 dart slugs
  6 orcs
  2 ball pythons
  8 bats
  6 endoplasms
  2 giant cockroaches
  10 goblins
  9 hobgoblins
  8 kobolds
  2 quokkas
  8 frilled lizards
  4 rats
83 creatures vanquished.

Table legend:
 A = Non-vault XP
 B = Vault XP
 C = Vault XP percentage of total XP
 D = Non-vault monster count
 E = Vault monster count
 F = Vault count percentage of total count
                 A         B        C        D         E       F
            +---------+---------+-------+---------+---------+-------
      Total |     562 |      40 |   6.6 |      80 |       3 |   3.6
            +---------+---------+-------+---------+---------+-------
        D:1 |      56 |       0 |   0.0 |      25 |       0 |   0.0
        D:2 |      58 |       0 |   0.0 |      20 |       0 |   0.0
        D:3 |      52 |       0 |   0.0 |      11 |       0 |   0.0
        D:4 |     310 |      40 |  11.4 |      20 |       3 |  13.0
        D:5 |      86 |       0 |   0.0 |       4 |       0 |   0.0
            +---------+---------+-------+---------+---------+-------

Illustrated notes

Table legend:
 A = Kills in this place as a percentage of kills in entire the game.
 B = Kills by you in this place as a percentage of kills by you in the entire game.
 C = Kills by friends in this place as a percentage of kills by friends in the entire game.
 D = Other kills in this place as a percentage of other kills in the entire game.
 E = Experience gained in this place as a percentage of experience gained in the entire game.
 F = Experience gained in this place divided by the number of levels of this place that you have seen.
                   A       B       C       D       E      F
               +-------+-------+-------+-------+-------+----------------------
         Total | 100.0 | 100.0 |   N/A |   N/A | 100.0 | 120.4
       Dungeon | 100.0 | 100.0 |   N/A |   N/A | 100.0 | 120.4
               +-------+-------+-------+-------+-------+----------------------

Table legend: (Time is in decaauts)
 A = Elapsed time spent in this place.
 B = Non-inter-level travel time spent in this place.
 C = Inter-level travel time spent in this place.
 D = Time resting spent in this place.
 E = Time spent auto-exploring this place.
 F = Levels seen in this place.
 G = Mean time per level.
                   A        B        C        D        E       F      G
               +--------+--------+--------+--------+--------+-----+--------+
         Total |   4963 |   4785 |    178 |    962 |   3097 |   5 |  992.6 |
       Dungeon |   4963 |   4785 |    178 |    962 |   3097 |   5 |  992.6 |
               +--------+--------+--------+--------+--------+-----+--------+

Top non-repeatable levels by time:
     D:4: 1755 daAuts
     D:1: 1350 daAuts
     D:2: 1247 daAuts
     D:3: 594 daAuts
     D:5: 15 daAuts
